 Dungeon Crawl Stone Soup version 0.30-a0-1160-g6e42c06551 (webtiles) character file.

Game seed: 3486400348838319543

174 iamoutofideas the Chopper (level 5, -2/30 (45) HPs)
             Began as a Hill Orc Reaver on Apr 27, 2023.
             Slain by an ogre
             ... wielding a +0 giant club
              (32 damage)
             ... on level 3 of the Dungeon.
             The game lasted 00:03:42 (2371 turns).

iamoutofideas the Chopper (Hill Orc Reaver)         Turns: 2371, Time: 00:03:43

HP:   -2/30 (45)    AC:  7    Str: 17    XL:     5   Next: 54%
MP:   7/7           EV:  9    Int: 13    God:
Gold: 102           SH:  0    Dex:  9    Spells: 1/7 levels left

rFire   . . .        m - +1 hand axe (flame)
rCold   . . .        (no shield)
rNeg    . . .        t - +0 scale mail
rPois   .            (no helmet)
rElec   .            v - +0 cloak
rCorr   .            (no gloves)
SInv    .            (no boots)
Will    +....        (no amulet) Stlth
                     d - ring of willpower
HPRegen 0.25/turn    (no ring)
MPRegen 0.10/turn

%: no passive effects
@: very heavily drained
A: no striking features
a: no special abilities


You were on level 3 of the Dungeon.
You visited 1 branch of the dungeon, and saw 3 of its levels.

You collected 102 gold pieces.

Inventory:

Hand Weapons
 m - a +1 hand axe of flaming (weapon)
 r - a +0 war axe
Armour
 b - a +0 leather armour
 f - a +0 buckler
 t - a +0 scale mail (worn)
 v - a +0 cloak (worn)
Jewellery
 d - a ring of willpower (left hand)
Wands
 h - a wand of charming (9)
Scrolls
 c - 2 scrolls of magic mapping {unknown}
 j - 3 scrolls of identify {unknown}
 l - 2 scrolls of fog {unknown}
 p - 2 scrolls of blinking {unknown}
 q - a scroll of teleportation
 u - 2 scrolls of poison
 w - a scroll of brand weapon {unknown}
Potions
 a - a potion of flight {unknown}
 e - a potion of brilliance
 g - 2 potions of curing
 i - 2 potions of attraction {unknown}
 k - a potion of resistance {unknown}
 n - a potion of might {unknown}
 o - a potion of haste {unknown}
 s - a potion of berserk rage


   Skills:
 - Level 3.4 Fighting
 * Level 6.5 Axes
 - Level 0.1 Armour
 - Level 1.7 Dodging
 - Level 0.2 Stealth
 + Level 2.1 Shields
 - Level 1.5 Spellcasting
 - Level 3.1 Conjurations


You had one spell level left.
You knew the following spells:

 Your Spells              Type           Power      Damage    Failure   Level
a - Kiss of Death         Conj/Necr      20%        2d7       45%         1
b - Momentum Strike       Conj/Tloc      10%        3d8       58%         2
c - Hailstorm             Conj/Ice       5%         3d4       83%         3

Your spell library contained the following spells:

 Spells                   Type           Power      Damage    Failure   Level
 Ensorcelled Hibernation  Hex/Ice        2%         N/A       82%         2
 Spider Form              Tmut/Pois      1%         N/A       96%         3
 Anguish                  Hex/Necr       0%         N/A       100%        4


Dungeon Overview and Level Annotations

Branches:
Dungeon (3/15)

Altars:


Message History

You hit the endoplasm. You burn the endoplasm.
You kill the endoplasm!
No target in view!
No target in view!
An adder comes into view.
An adder is nearby!
An adder is nearby!
An adder is nearby!
You closely miss the adder. The adder bites you.
You are poisoned.
The adder poisons you!
An adder is nearby!
You barely miss the adder.
You feel sick. The adder closely misses you.
You barely miss the adder.
You feel sick. The adder misses you. The adder bites you.
You miss the adder.
You feel sick. The adder bites you but does no damage.
You slash the adder! You burn the adder.
You kill the adder!
You feel sick.
No target in view!
No target in view!
No target in view!
You feel sick.
You feel sick.
You feel sick.
You are no longer poisoned.
You see here an adder corpse.
Found 7 stones.
You see here 7 stones.
w - a scroll labelled AZEWEF HIARR No target in view!
g - 2 potions of curing (gained 1)
An ogre comes into view. It is wielding a +0 giant club.
The ogre shouts!
An ogre is nearby!
A frilled lizard comes into view.
The frilled lizard hisses angrily.
The ogre hits you with a +0 giant club!!
Ouch! That really hurt!
You die...

.#####...#.# ##.....(...#.#
#l.^.......'.# #.#####....###
#.# ##...### #.# #.....# #.#
#...#.# #O# #...#..# #@# #####
.# #.# .# #.# # #.#
###############.# ##
#...............# [
#.##############################
#.# #.................. #.#
#.#################


You could see an ogre and a frilled lizard.

Vanquished Creatures
  Terence (D:2)
  An orc wizard (D:2)
  5 adders
  3 worms
  3 dart slugs
  3 orcs
  7 endoplasms
  A giant cockroach (D:2)
  8 goblins
  7 hobgoblins
  3 jackals (D:2)
  A quokka (D:1)
  3 ball pythons
  4 bats
  4 frilled lizards
  2 kobolds
  4 rats
60 creatures vanquished.

Notes
Turn   | Place    | Note
-------+----------+-------------------------------------------
     0 | D:1      | iamoutofideas the Hill Orc Reaver began the quest for the
                  | Orb.
     0 | D:1      | Reached XP level 1. HP: 18/18 MP: 3/3
    88 | D:1      | Reached XP level 2. HP: 17/25 MP: 4/4
   368 | D:1      | Found a faded altar of an unknown god.
   585 | D:1      | Reached XP level 3. HP: 30/31 MP: 5/5
   990 | D:2      | Reached skill level 5 in Axes
  1028 | D:2      | Reached XP level 4. HP: 26/30 MP: 6/6
  1344 | D:2      | Reached skill level 1 in Shields
  1524 | D:2      | Learned a level 2 spell: Momentum Strike
  1528 | D:2      | Learned a level 3 spell: Hailstorm
  1788 | D:2      | Reached skill level 6 in Axes
  1788 | D:2      | Reached XP level 5. HP: 23/39 MP: 7/7
  1930 | D:3      | Noticed Terence
  2010 | D:2      | Killed Terence
  2368 | D:3      | Noticed an ogre
  2371 | D:3      | Slain by an ogre

Illustrated notes

Levels and vault maps discovered:
D:1:      eino_arrival_cavern_e, layout_basic, shapermc_ecumenical_altar_petra
D:2:      minmay_spotlight, layout_loops_cross, st_stairs_7
D:3:      layout_basic, uniq_terence

Skill      XL: |  1  2  3  4  5 |
---------------+----------------+-----
Fighting       | 3 |  3.4
Axes           | 5 6 |  6.5
Shields        | 1 2 |  2.1
Armour         | |  0.1
Dodging        | |  1.7
Stealth        | |  0.2
Spellcasting   | |  1.5
Conjurations   | |  3.1

Action                     |  1- 3 |  4- 6 || total
---------------------------+-------+-------++-------
  Melee: Hand axe          |   125 |    85 ||   210
         Punch             |       |     1 ||     1
   Cast: Kiss of Death     |     2 |     3 ||     5
    Use: Potion            |     3 |       ||     3
         Scroll            |     2 |       ||     2
   Stab: Distracted        |       |     1 ||     1
 Armour: Leather armour    |    42 |    19 ||    61
         Scale mail        |       |     4 ||     4
  Dodge: Dodged            |    90 |    55 ||   145

Table legend: (Time is in decaauts)
 A = Elapsed time spent in this place.
 B = Non-inter-level travel time spent in this place.
 C = Inter-level travel time spent in this place.
 D = Time resting spent in this place.
 E = Time spent auto-exploring this place.
 F = Levels seen in this place.
 G = Mean time per level.
                   A        B        C        D        E       F      G
               +--------+--------+--------+--------+--------+-----+--------+
         Total |   2394 |   2262 |    132 |    327 |   1439 |   3 |  798.0 |
       Dungeon |   2394 |   2262 |    132 |    327 |   1439 |   3 |  798.0 |
               +--------+--------+--------+--------+--------+-----+--------+

Top non-repeatable levels by time:
     D:2: 1381 daAuts
     D:1: 618 daAuts
     D:3: 394 daAuts
